 Dungeon Crawl Stone Soup version 0.31-a0-1467-g53b6572822 (webtiles) character file.

Game seed: 11632978212343298793

12 graki42 the Apothecary (level 2, -1/15 HPs)
             Began as a Deep Elf Alchemist on Dec 28, 2023.
             Killed from afar by Natasha (8 damage)
             ... with a puff of flame
             ... on level 2 of the Dungeon.
             The game lasted 00:02:40 (771 turns).

graki42 the Apothecary (Deep Elf Alchemist)          Turns: 771, Time: 00:02:40

Health: -1/15      AC:  2    Str:  5    XL:     2   Next: 20%
Magic:  8/8        EV: 12    Int: 19    God:
Gold:   36         SH:  0    Dex: 15    Spells: 4/7 levels left

rFire   . . .        (no weapon)
rCold   . . .        (no shield)
rNeg    . . .        a - +0 robe
rPois   .            (no helmet)
rElec   .            (no cloak)
rCorr   .            (no gloves)
SInv    .            (no boots)
Will    .....        (no amulet)
Stlth   ++           (no ring)
HPRegen 0.22/turn    (no ring)
MPRegen 0.11/turn

%: no passive effects
@: no status effects
A: no striking features
a: no special abilities


You were on level 2 of the Dungeon.
You visited 1 branch of the dungeon, and saw 2 of its levels.

You collected 36 gold pieces.

Inventory:

Armour
 a - a +0 robe (worn)
Wands
 h - a wand of charming (7)
Scrolls
 c - a scroll of poison {unknown}
 e - a scroll of identify {unknown}
 f - 2 scrolls of immolation {unknown}
 g - a scroll of enchant armour {unknown}
Potions
 b - a potion of magic
 d - a potion of enlightenment {unknown}


   Skills:
 - Level 2.4 Dodging
 - Level 2.4 Stealth
 + Level 3.4 Spellcasting
 + Level 1.6 Conjurations
 + Level 0.0 Air Magic
 + Level 3.5 Alchemy


You had 4 spell levels left.
You knew the following spells:

 Your Spells              Type           Power      Damage    Failure   Level
a - Sting                 Conj/Alch      52%        1d6       4%          1
b - Mercury Vapours       Alch/Air       20%        N/A       11%         2

Your spell library contained the following spells:

 Spells                   Type           Power      Damage    Failure   Level
 Ensorcelled Hibernation  Hex/Ice        6%         N/A       22%         2
 Mephitic Cloud           Conj/Alch/Air  9%         N/A       22%         3
 Olgreb's Toxic Radiance  Alch           16%        N/A       32%         4
 Passwall                 Erth           3%         N/A       41%         3
 Swiftness                Air            3%         N/A       41%         3
 Sticky Flame             Fire/Alch      10%        2d5       56%         4


Dungeon Overview and Level Annotations

Branches:
Dungeon (2/15)

Altars:

Annotations:
D:2 Natasha


Message History

Confirm with . or Enter, or press ? or * to list all spells.
Aiming: Sting (safe; 4% risk of failure)
Press: ? - help, Shift-Dir - straight line, f - goblin
Aim: a goblin, wielding a +0 dagger (asleep, 100% to hit)
The sting hits the goblin.
The goblin is poisoned.
You kill the goblin!
Magic restored.
You see here a +0 dagger.
You see here a +0 dagger.
A frilled lizard comes into view.
Casting: Sting (safe; 4% risk of failure)
Confirm with . or Enter, or press ? or * to list all spells.
Aiming: Sting (safe; 4% risk of failure)
Press: ? - help, Shift-Dir - straight line, f - frilled lizard
Aim: a frilled lizard (asleep, 100% to hit)
The sting hits the frilled lizard.
The frilled lizard is poisoned.
The frilled lizard is heavily wounded.
Casting: Sting (safe; 4% risk of failure)
Confirm with . or Enter, or press ? or * to list all spells.
Aiming: Sting (safe; 4% risk of failure)
Press: ? - help, Shift-Dir - straight line, f/p - frilled lizard
Aim: a frilled lizard (heavily wounded, poisoned, 53% to hit)
The sting misses the frilled lizard.
You kill the frilled lizard!
Found a whip.
h - a wand of charming (7)
You see here a +0 whip.
f - 2 scrolls labelled ZOTOITSURRA (gained 1)
Found a stone staircase leading down.
Natasha, Servant of Life and Death comes into view.
She is carrying a wand of flame.
Natasha stares at you and mumbles some strange words.
The magic dart hits you!
Ouch! That really hurt!
You are too injured to fight recklessly!
Unknown command.
You are too injured to fight recklessly!
Natasha zaps a wand.
The puff of flame hits you!
Ouch! That really hurt!
You die...
Natasha curls up and begins to purr.

###
..#
h..
#.#
#.#
#>#
#.#
#@#
#.#
#.#
#.#
#.#
#.#
#..
#.#
#.#
#.#
#.#
#.#


You could see Natasha.

Vanquished Creatures
  An endoplasm (D:1)
  A giant cockroach (D:1)
  2 goblins
  2 quokkas (D:1)
  A ball python (D:1)
  2 bats (D:1)
  2 frilled lizards
  A kobold (D:1)
12 creatures vanquished.

Notes
Turn   | Place    | Note
-------+----------+-------------------------------------------
     0 | D:1      | graki42 the Deep Elf Alchemist began the quest for the Orb.
     0 | D:1      | Reached XP level 1. HP: 10/10 MP: 6/6
   438 | D:1      | Reached XP level 2. HP: 15/15 MP: 6/8
   598 | D:1      | Learned a level 2 spell: Mercury Vapours
   769 | D:2      | Noticed Natasha
   771 | D:2      | Killed from afar by Natasha

Illustrated notes

Levels and vault maps discovered:
D:1:      reono_arrival_forest_river, layout_loops_ring
D:2:      layout_loops_ring, basic_altar, uniq_crazy_yiuf_cottage, uniq_sigmund,
          uniq_natasha

Action                     || total
---------------------------++-------
   Cast: Sting             ||    21
 Armour: Robe              ||     2
  Dodge: Dodged            ||     5

Table legend: (Time is in decaauts)
 A = Elapsed time spent in this place.
 B = Non-inter-level travel time spent in this place.
 C = Inter-level travel time spent in this place.
 D = Time resting spent in this place.
 E = Time spent auto-exploring this place.
 F = Levels seen in this place.
 G = Mean time per level.
                   A        B        C        D        E       F      G
               +--------+--------+--------+--------+--------+-----+--------+
         Total |    779 |    775 |      4 |      0 |    701 |   2 |  389.5 |
       Dungeon |    779 |    775 |      4 |      0 |    701 |   2 |  389.5 |
               +--------+--------+--------+--------+--------+-----+--------+

Top non-repeatable levels by time:
     D:1: 705 daAuts
     D:2: 74 daAuts
